 Dungeon Crawl Stone Soup version 0.20.0-10-g0535bb4 (webtiles) character file.

135 Flooderbenga the Conjurer (level 4, -6/25 HPs)
             Began as a Deep Elf Conjurer on June 5, 2017.
             Mangled by an iguana (14 damage)
             ... on level 4 of the Dungeon.
             The game lasted 00:22:00 (3178 turns).

Flooderbenga the Conjurer (Deep Elf Conjurer)       Turns: 3178, Time: 00:22:00

Health: -6/25      AC:  2    Str:  5    XL:     4   Next: 97%
Magic:  3/13       EV: 13    Int: 21    God:
Gold:   185        SH:  0    Dex: 15    Spells: 3/13 levels left

rFire    + . .     SeeInvis .   k - +3 dagger (freeze)
rCold    . . .     Gourm    .   (no shield)
rNeg     . . .     Faith    +   a - +0 robe
rPois    .         Spirit   .   (no helmet)
rElec    .         Reflect  .   (no cloak)
rCorr    .         Harm     .   (no gloves)
MR       .....                  (no boots)
Stlth    ++........             l - amulet of faith
Regen    0.1/turn               B - ring of protection from fire
MPRegen  0.2/turn               (no ring)

@: no status effects
A: no striking features
a: no special abilities


You were on level 4 of the Dungeon.
You were not hungry.

You visited 1 branch of the dungeon, and saw 4 of its levels.

You collected 185 gold pieces.

Inventory:

Hand Weapons
 k - a +3 dagger of freezing (weapon)
 A - a +0 hunting sling
Missiles
 c - 152 stones (quivered)
 i - 52 sling bullets
 u - 7 tomahawks
 v - 29 arrows
Armour
 a - a +0 robe (worn)
Jewellery
 l - an amulet of faith (around neck)
 B - a ring of protection from fire (left hand)
Scrolls
 g - 2 scrolls of fog {unknown}
 m - a scroll of enchant weapon {unknown}
 n - a scroll of fear {unknown}
 q - 2 scrolls of amnesia {unknown}
 r - 2 scrolls of identify {@r1}
 s - a scroll of teleportation {unknown}
 y - a scroll of blinking {unknown}
 z - a scroll of recharging {unknown}
Potions
 d - a potion of heal wounds {@q2}
 h - a potion of flight
 o - a potion of might {unknown}
 p - a potion of cancellation {unknown}
 t - a potion of invisibility {unknown}
 w - a potion of curing {unknown}
 x - a potion of lignification
Books
 b - a book of Conjurations

   Spells                             Type                      Level
   a - Magic Dart                     Conjuration                  1
   b - Searing Ray                    Conjuration                  2
   c - Dazzling Spray                 Conjuration/Hexes            3
   d - Fulminant Prism                Conjuration/Hexes            4
   e - Force Lance                    Conjuration/Translocation    4
   f - Iskenderun's Mystic Blast      Conjuration                  4
Comestibles
 e - a bread ration {@e1}
 j - a royal jelly {@e3}


   Skills:
 - Level 1.0 Fighting
 - Level 2.4 Dodging
 - Level 2.4 Stealth
 - Level 5.0 Spellcasting
 + Level 5.7 Conjurations


You had 3 spell levels left.
You knew the following spells:

 Your Spells              Type           Power        Failure   Level  Hunger
a - Magic Dart            Conj           ####         1%          1    None
b - Searing Ray           Conj           ####..       1%          2    None
c - Dazzling Spray        Conj/Hex       ###...       10%         3    ##.....
d - Iskenderun's Mystic   Conj           ####....     10%         4    ####...


Dungeon Overview and Level Annotations

Branches:
Dungeon (4/15)
 Temple: D:4-7

Altars:
Fedhas

Annotations:
D:3 Grinder, Natasha, Robin, Sigmund
D:4 exclusion: slave, Pikel


Message History

De iguana iz severely vounded.
De orb uf energy heksplodes!
Kastink: Iskenderun's Mystic Blast Konfirm vith . or Enter, or press ? or * to list hall schpells.
Aimink: Iskenderun's Mystic Blast
Press: ? - help, Schift-Dir - schtraight line, f/p - iguana
Aim: an iguana (severely vounded) De orb uf energy hits de iguana.
De iguana iz almost dead.
De orb uf energy heksplodes!
De iguana misses hyu.
Kastink: Iskenderun's Mystic Blast Konfirm vith . or Enter, or press ? or * to list hall schpells.
Hyu don' hef enough magic to kast dat schpell.
Kastink: Iskenderun's Mystic Blast Konfirm vith . or Enter, or press ? or * to list hall schpells.
Hyu don' hef enough magic to kast dat schpell.
Onknown kommund.
De iguana bites hyu!
Ouch! Dat really hurt!
Hyu die...

##.# #..# #.##
#.#######.####
#............#
#########.##.#
####.##.#
##....##.# ..#
#......#@# #.#
#......l.# #.#
#......####
#.#
#..........#
#.#
#.##.#.###.#
#.# #.##.#.#
#.# #.#
#.##.#.# #.#
##.# #.##.#.#
#.# ...#
#.##.#.# #.#


You could see an iguana.

Vanquished Creatures
  Terence (D:3)
  3 adders
  An ooze (D:2)
  An adder skeleton (D:4)
  A worm (D:2)
  2 dart slugs (D:1)
  3 orcs (D:4)
  2 giant cockroaches
  12 goblins
  8 hobgoblins
  10 jackals
  3 kobolds
  7 bats
  2 frilled lizards
  5 rats
61 creatures vanquished.

Notes
Turn   | Place    | Note
-------+----------+-------------------------------------------
     0 | D:1      | Flooderbenga the Deep Elf Conjurer began the quest for the Orb.
     0 | D:1      | Reached XP level 1. HP: 10/10 MP: 6/6
    15 | D:1      | Noticed an electric eel
   253 | D:1      | Reached XP level 2. HP: 15/16 MP: 4/8
   276 | D:1      | Learned a level 2 spell: Searing Ray
   793 | D:1      | Reached skill level 1 in Fighting
  1124 | D:2      | Reached XP level 3. HP: 20/20 MP: 2/10
  1254 | D:2      | Found a blossoming altar of Fedhas.
  2118 | D:3      | Noticed Terence
  2129 | D:3      | Killed Terence
  2129 | D:3      | Reached skill level 5 in Conjurations
  2129 | D:3      | Reached XP level 4. HP: 23/25 MP: 1/12
  2244 | D:3      | Noticed Natasha
  2269 | D:3      | Noticed Sigmund
  2317 | D:3      | Noticed Robin
  2462 | D:3      | Reached skill level 5 in Spellcasting
  2467 | D:3      | Learned a level 3 spell: Dazzling Spray
  2472 | D:3      | Learned a level 4 spell: Iskenderun's Mystic Blast
  2679 | D:3      | Noticed Grinder
  2817 | D:4      | Noticed Pikel
  2817 | D:4      | Noticed a slave
  2817 | D:4      | Noticed a slave
  3178 | D:4      | Mangled by an iguana

Skill      XL: |  1  2  3  4 |
---------------+-------------+-----
Fighting       | 1 |  1.0
Spellcasting   | 4 5 |  5.0
Conjurations   | 5 |  5.7
Dodging        | |  2.4
Stealth        | |  2.4

Action                   |  1- 3 |  4- 6 || total
-------------------------+-------+-------++-------
Melee: Dagger            |       |     1 ||     1
 Cast: Magic Dart        |    60 |    29 ||    89
       Searing Ray       |     8 |     9 ||    17
       Iskenderun's Myst |       |     2 ||     2
       Dazzling Spray    |       |     2 ||     2
  Use: Scroll            |       |     3 ||     3
 Stab: Sleeping          |       |     1 ||     1
  Eat: Chunk             |     4 |       ||     4
       Bread ration      |       |     1 ||     1
Armor: Robe              |     2 |       ||     2
Dodge: Dodged            |     3 |     6 ||     9
